 Dungeon Crawl Stone Soup version 0.29.1-15-g9cfb28693d (webtiles) character file.

Game seed: 2713776336338561385

72864 Sassy404 the Unseen (level 14, 0/70 HPs)
             Began as a Spriggan Venom Mage on Mar 22, 2023.
             Was the Champion of Jiyva.
             Slain by a culicivora (31 damage)
             ... on level 1 of the Spider Nest on Mar 23, 2023.
             The game lasted 01:51:10 (19746 turns).

Sassy404 the Unseen (Spriggan Venom Mage)          Turns: 19746, Time: 01:51:11

Health: 0/70       AC:  9    Str:  2    XL:     14   Next: 54%
Magic:  28/28      EV: 28    Int: 29    God:    Jiyva [******]
Gold:   528        SH:  8    Dex: 14    Spells: 20/31 levels left

rFire   . . .      SeeInvis +   v - +6 dagger (pain)
rCold   + . .      Faith    .   (no shield)
rNeg    . . .      Spirit   .   k - +1 robe {Will+}
rPois   .          Reflect  .   (helmet restricted)
rElec   .          Harm     .   m - +2 cloak
rCorr   +          Rampage  .   (gloves unavailable)
Will    +++..      Clarity  +   (boots unavailable)
Stlth   ++++++....              (no amulet)
HPRegen 1.81/turn               n - +4 ring of protection
MPRegen 0.71/turn               l - +4 ring of evasion

@: slowed, quick
A: very small, no large weapons, unfitting armour, see invisible, speed 3,
talons 1, large bone plates 3, clarity, clever 2, cold resistance 1, passive
freeze, pseudopods 1, engulf
}: 1/15 runes: slimy
a: Renounce Religion, Oozemancy, Slimify


You were on level 1 of the Spider Nest.
You worshipped Jiyva.
Jiyva was exalted by your worship.
You visited 5 branches of the dungeon, and saw 23 of its levels.
You also visited: Bailey.

You collected 528 gold pieces.

Inventory:

Hand Weapons
 r - a +3 vorpal dagger
 v - a +6 dagger of pain (weapon)
 J - the +10 scimitar of the Key {spect, rC+ rN+ Dex+2}
   (You found it on level 5 of the Pits of Slime)

   When its wielder attacks, the weapon's spirit leaps out and strikes again.
   The spirit shares a part of any damage it takes with its wielder.
   Dex:       It affects your dexterity (+2).
   rC:        It protects you from cold.
   rN:        It protects you from negative energy.
Missiles
 g - 10 boomerangs
 s - 2 curare-tipped darts
 y - 6 atropa-tipped darts
 z - 13 poisoned darts
 H - 2 throwing nets
Armour
 k - a +1 robe of willpower (worn)
 m - a +2 cloak (worn)
 C - +0 steam dragon scales
 N - a +2 hat
Jewellery
 e - a ring of poison resistance
 j - a ring of willpower
 l - a +4 ring of evasion (right hand)
 n - a +4 ring of protection (left hand)
 w - a ring of protection from cold
 K - the amulet "Gipo Isu" {Spirit Regen+ Stlth+}
   (You found it on level 5 of the Pits of Slime)

   [amulet of guardian spirit]

   It causes incoming damage to be divided between your reserves of health and
   magic.
   Regen:     It increases your rate of health regeneration.
   Stlth:     It makes you more stealthy.
 L - the ring of Exhibitionism {Drain rPois Will- Str+9 Stlth+}
   (You found it on level 5 of the Pits of Slime)

   [ring of poison resistance]

   Str:       It affects your strength (+9).
   rPois:     It protects you from poison.
   Drain:     It drains your maximum health when unequipped.
   Will:      It decreases your willpower.
   Stlth:     It makes you more stealthy.
 M - a ring of positive energy
Wands
 u - a wand of roots (12)
 A - a wand of acid (3)
Scrolls
 c - 3 scrolls of enchant armour
 f - a scroll of teleportation
 h - 2 scrolls of amnesia
 t - a scroll of blinking
 F - a scroll of magic mapping
 G - a scroll of torment {unknown}
 I - a scroll of acquirement {unknown}
 Q - a scroll of identify
Potions
 a - a potion of flight
 b - a potion of magic
 d - 3 potions of brilliance
 i - 4 potions of might
 o - 6 potions of curing
 p - 6 potions of heal wounds
 q - a potion of invisibility
 x - 3 potions of mutation
 B - 4 potions of lignification
 D - 5 potions of attraction
 E - a potion of resistance
 O - a potion of haste {unknown}
 P - a potion of degeneration {unknown}


   Skills:
 - Level 6.0 Fighting
 - Level 10.4 Short Blades
 - Level 3.0 Armour
 - Level 13.0 Dodging
 - Level 17.0 Stealth
 - Level 9.0 Spellcasting
 - Level 3.4 Conjurations
 - Level 3.0 Necromancy
 - Level 10.2 Translocations
 * Level 11.6 Transmutations
 - Level 4.2 Air Magic
 - Level 6.0 Earth Magic
 - Level 6.1 Poison Magic


You had 20 spell levels left.
You knew the following spells:

 Your Spells              Type           Power      Damage    Failure   Level
a - Sting                 Tmut/Pois      100%       1d8       1%          1
b - Manifold Assault      Tloc           64%        N/A       1%          5
c - Blink                 Tloc           100%       N/A       1%          2
d - Mephitic Cloud        Conj/Pois/Air  39%        N/A       1%          3

Your spell library contained the following spells:

 Spells                   Type           Power      Damage    Failure   Level
 Apportation              Tloc           100%       N/A       1%          1
 Sandblast                Erth           96%        2d20      1%          1
 Poisonous Vapours        Pois/Air       86%        N/A       1%          2
 Lesser Beckoning         Tloc           64%        N/A       1%          3
 Olgreb's Toxic Radiance  Pois           48%        N/A       3%          4
 Alistair's Intoxication  Tmut/Pois      39%        N/A       3%          5
 Call Imp                 Summ           13%        N/A       6%          2
 Summon Guardian Golem    Hex/Summ       13%        N/A       12%         3
 Animate Armour           Summ/Erth      60%        N/A       12%         4
 Statue Form              Tmut/Erth      39%        N/A       17%         6
 Dragon's Call            Summ           6%         N/A       100%        9
 Fire Storm               Conj/Fire      11%        8d3       100%        9


Dungeon Overview and Level Annotations

Branches:
Dungeon (11/15)            Temple (1/1) D:4            Lair (5/5) D:10
 Shoals (0/4) Lair:2       Spider (1/4) Lair:3        Slime (5/5) Lair:4
 Bailey (visited)
    Orc: D:9-12

Altars:
Ashenzari
Cheibriados
Dithmenos
Elyvilon
Fedhas
Gozag
Hepliaklqana
Kikubaaqudgha
Makhleb
Nemelex Xobeh
Okawaru
Qazlal
Ru
Sif Muna
Trog
Uskayaw
Vehumet
Wu Jian
Xom
Yredelemnul
Zin
The Shining One
Jiyva

Shops:
D:3 :   D:9 :

Annotations:
D:3 2 transporters, Garym's ghost, amateur MiFi
Slime:5 Royal Jelly


Innate Abilities, Weirdness & Mutations

You are very small and have problems with some larger weapons.
You are too small for most types of armour.
You have supernaturally acute eyesight. (SInv)
You cover ground extremely quickly. (Speed+++)
You have sharp toenails.
You are completely covered in large bone plates. (SH +8)
You possess an exceptional clarity of mind.
Your mind is very acute. (Int +8, Str/Dex -2)
Your flesh is cold resistant. (rC+)
A frigid envelope surrounds you and freezes all who hurt you.
Armour fits poorly on your pseudopods.
Your melee attacks may engulf your foes in ooze.


Message History

The culicivora is moderately wounded.
The demonic crawler hits you!
The demonic crawler resists.
The demonic crawler is very cold.
The demonic crawler is moderately wounded.
The demonic crawler hits you.
The demonic crawler resists.
The demonic crawler is very cold.
The demonic crawler is moderately wounded.
You block the demonic crawler's attack.
The jelly barely misses the moth of wrath.
The culicivora misses you.
The culicivora attacks as you move away!
The culicivora completely misses you.
You feel yourself speed up. The culicivora misses you.
The jumping spider pounces on the jelly!
The jelly dies!
You closely miss the culicivora. Your bludgeon misses the culicivora.
The culicivora is moderately wounded.
The culicivora barely misses you.
The culicivora rages.
Being near the torpor snail leaves you feeling lethargic.
The jumping spider leaps!
You block the culicivora's attack.
You closely miss the culicivora. You claw the culicivora.
The culicivora is moderately wounded.
The culicivora bites you!!
You shudder from the blow and a jelly pops out!
The culicivora draws strength from your injuries!
The culicivora is very cold.
The culicivora is lightly wounded.
The moth of wrath goads the wolf spider on!
The wolf spider goes berserk!
The jumping spider leaps!
The culicivora rages.
You hit the tarantella.
You kill the tarantella!
You block the culicivora's attack.
You hear a faint skittering sound.
You hear a distant slurping noise.
The culicivora completely misses you.
The culicivora attacks as you move away!
The culicivora bites you!!
You die...

.#..#...^..#..#...J#..^#.......##
....#..w#.....#....#.#..#...#....
.#..#...#...#..#......#......#...
......#..##...#s..#.##...#.....##
...#^....#..s...........#.#..#..#
.#...#.....#..s#.#..#..#<..#..#..
..#.#..#..#..#w#^.#..^#....#...#.
#..#....##....ss#s........##.[###
.....#.#...#...#@#...#.#......#
..#...........#s..J...##.#...##
#^#####^..#.#...###......#.#.^#
#........#....#..).##.....#####
##.>..........#^........###
##.#.....#.#.^....#.####
##...#.#..#.##....†..###
#..#..(..#......#......#
####.#..#...#....#.#..##


You could see a torpor snail (corroded), a demonic crawler, a wolf spider
(berserk), 2 culicivoras, a jumping spider, a redback and a friendly rockslime
(summoned, slow).

Vanquished Creatures
  Nessos (Lair:5)
  6 hydras
  Harold (Lair:1)
  A catoblepas (Lair:5)
  A boulder beetle (Spider:1)
  2 two-headed ogres (D:10)
  9 death yaks
  An orc knight (Bailey)
  A wolf spider (Lair:3)
  6 elephants
  5 black mambas
  A torpor snail (Lair:5)
  12 cane toads
  8 komodo dragons
  2 rime drakes
  A troll (D:10)
  A tarantella (Spider:1)
  20 blink frogs
  2 culicivoras (Lair:3)
  2 jumping spiders (Lair:3)
  3 wyverns
  2 shadows (D:10)
  Grum (Lair:1)
  72 yaks
  6 basilisks
  6 vampire mosquitoes (D:10)
  14 water moccasins
  2 ice beasts
  An orc warrior (D:8)
  2 ogres (D:5)
  30 wolves
  10 centaurs
  3 kobold brigands
  Blork the orc (D:6)
  10 bullfrogs
  A gnoll sergeant (D:8)
  3 scorpions (D:6)
  A wight (D:6)
  3 killer bees (D:9)
  A howler monkey (D:5)
  7 electric eels
  5 lava snakes (Lair:5)
  6 hounds
  3 gnoll boudas
  10 hell rats
  4 iguanas
  9 orc wizards
  21 gnolls
  6 adders
  A shadow imp (D:8)
  2 white imps
  3 ufetubi
  6 dart slugs
  33 orcs
  2 ball pythons
  3 giant cockroaches
  5 hobgoblins
  13 jackals
  2 quokkas
  3 bats
  A frilled lizard (D:2)
  8 goblins
  13 kobolds
  4 rats
425 creatures vanquished.

Vanquished Creatures (collateral kills)
  A fire dragon (Lair:5)
  2 catoblepae (Lair:5)
  A two-headed ogre (D:9)
  6 death yaks
  A pharaoh ant (Spider:1)
  A lindwurm (Lair:5)
  2 wolf spiders (Spider:1)
  An elephant (Lair:5)
  2 molten gargoyles (Lair:5)
  2 cane toads
  2 komodo dragons (Lair:5)
  10 yaks
  A culicivora (Spider:1)
  3 steam dragons
  A water moccasin (Lair:4)
  4 hell hounds (Lair:5)
  A centaur (D:6)
  A scorpion (D:6)
  3 wights
  2 gnolls
  2 orcs (D:6)
49 creatures vanquished.

Vanquished Creatures (others)
  A shadow (D:10)
  A yak (Lair:2)
  An ice beast (D:6)
  A centaur (Lair:2)
  A bullfrog (D:7)
  2 scorpions (D:6)
  A wight (D:6)
  An electric eel (D:10)
  2 howler monkeys
  47 jellies
  3 hounds
  A gnoll bouda (D:7)
  An iguana (D:5)
  10 gnolls
  2 adders
  A shadow imp (D:5)
  A worm (D:4)
  7 dart slugs (D:5)
  An orc (D:6)
  3 endoplasms
  2 giant cockroaches
  A hobgoblin (D:2)
  A jackal (D:1)
  3 ball pythons
  A frilled lizard (D:2)
  3 goblins
  2 kobolds (D:4)
  A rat (D:1)
  A bush (Lair:5)
  95 fungi
  128 plants
326 creatures vanquished.

Grand Total: 800 creatures vanquished

Notes
Turn   | Place    | Note
-------+----------+-------------------------------------------
     0 | D:1      | Sassy404 the Spriggan Venom Mage began the quest for the
                  | Orb.
     0 | D:1      | Reached XP level 1. HP: 9/9 MP: 5/5
    24 | D:1      | Found a faded altar of an unknown god.
   131 | D:1      | Prayed at the altar of an unknown god.
   131 | D:1      | Became a worshipper of Jiyva Japhol the Shapeless
   131 | D:1      | Reached * piety under Jiyva
   141 | D:1      | Reached skill level 1 in Short Blades
   177 | D:1      | Reached XP level 2. HP: 13/13 MP: 1/6
   520 | D:1      | Reached skill level 1 in Fighting
   732 | D:1      | Reached ** piety under Jiyva
  1309 | D:2      | Reached XP level 3. HP: 13/18 MP: 4/8
  1505 | D:2      | You fall into a shaft and drop 2 floors!
  1761 | D:4      | Reached XP level 4. HP: 23/23 MP: 9/9
  1846 | D:4      | Reached *** piety under Jiyva
  1926 | D:4      | Gained mutation: You are somewhat resistant to further
                  | mutation. [Jiyva's grace]
  1926 | D:4      | Gained mutation: You are somewhat resistant to both further
                  | mutation and mutation removal. [Jiyva's grace]
  1926 | D:4      | Gained mutation: You are almost entirely resistant to
                  | further mutation and mutation removal. [Jiyva's grace]
  1926 | D:4      | Gained mutation: You have a pair of small antennae on your
                  | head. [Jiyva's grace]
  1995 | D:4      | Found a staircase to the Ecumenical Temple.
  2305 | D:3      | Reached **** piety under Jiyva
  2329 | D:3      | Learned a level 2 spell: Poisonous Vapours
  2369 | D:3      | Found Gyisooluf's Book Shop.
  3068 | D:3      | Reached skill level 4 in Stealth
  3069 | D:3      | Reached XP level 5. HP: 27/27 MP: 7/10
  3201 | D:3      | Found a transporter.
  3204 | D:3      | Noticed Garym's ghost (amateur MiFi)
  3205 | D:3      | Found a transporter.
  3205 | D:3      | Noticed an ogre
  3899 | Temple   | Entered the Ecumenical Temple
  4118 | D:5      | Entered Level 5 of the Dungeon
  4118 | D:5      | Noticed an ogre
  4118 | D:5      | Lost mutation: You are almost entirely resistant to further
                  | mutation and mutation removal. [Jiyva's grace]
  4118 | D:5      | Lost mutation: You are somewhat resistant to both further
                  | mutation and mutation removal. [Jiyva's grace]
  4118 | D:5      | Gained mutation: Your rubbery body absorbs attacks. (AC +1,
                  | EV +1) [Jiyva's grace]
  4118 | D:5      | Gained mutation: Your pliable body absorbs attacks. (AC +2,
                  | EV +2) [Jiyva's grace]
  4118 | D:5      | Gained mutation: Your gelatinous body deflects attacks. (AC
                  | +3, EV +3) [Jiyva's grace]
  4118 | D:5      | Gained mutation: You are strong-willed. (Will+) [Jiyva's
                  | grace]
  4128 | D:5      | Killed an ogre
  4147 | D:5      | Learned a level 2 spell: Blink
  4151 | D:5      | Reached ***** piety under Jiyva
  4325 | D:5      | Reached XP level 6. HP: 32/32 MP: 11/11
  4420 | D:5      | Noticed an ice beast
  4453 | D:5      | Killed an ice beast
  4864 | D:5      | Reached skill level 5 in Stealth
  4893 | D:5      | Reached skill level 6 in Stealth
  4953 | D:5      | Reached XP level 7. HP: 35/35 MP: 10/12
  5374 | D:5      | Learned a level 3 spell: Mephitic Cloud
  5498 | D:6      | Reached skill level 1 in Conjurations
  5576 | D:6      | Reached skill level 5 in Dodging
  5703 | D:6      | Noticed Blork the orc
  5735 | D:6      | Killed Blork the orc
  5780 | D:6      | Reached XP level 8. HP: 39/39 MP: 13/13
  5936 | D:6      | Reached skill level 7 in Stealth
  5966 | D:6      | Reached skill level 8 in Stealth
  6223 | D:6      | Reached skill level 5 in Short Blades
  6367 | D:7      | Reached skill level 9 in Stealth
  6662 | D:7      | Lost mutation: You are somewhat resistant to further
                  | mutation. [Jiyva's grace]
  6662 | D:7      | Gained mutation: You have hidden genetic potential.
                  | [Jiyva's grace]
  6662 | D:7      | Gained mutation: You have great hidden genetic potential.
                  | [Jiyva's grace]
  6662 | D:7      | Gained mutation: You are partially covered in iridescent
                  | scales. (AC +2) [Jiyva's grace]
  6662 | D:7      | Gained mutation: You are mostly covered in iridescent
                  | scales. (AC +4) [Jiyva's grace]
  6668 | D:7      | Reached XP level 9. HP: 43/43 MP: 14/14
  6770 | D:7      | Found a hazy altar of Hepliaklqana.
  6896 | D:8      | Found a shadowy altar of Dithmenos.
  6967 | D:8      | Reached ****** piety under Jiyva
  7039 | D:8      | Found a flagged portal.
  7054 | Bailey   | Entered a bailey
  7246 | Bailey   | Noticed an orc knight
  7271 | Bailey   | Killed an orc knight
  7581 | D:8      | Reached skill level 5 in Poison Magic
  7613 | D:8      | Gained mutation: You are completely covered in iridescent
                  | scales. (AC +6) [hidden potential]
  8156 | D:9      | Noticed a two-headed ogre
  8172 | D:9      | Killed a two-headed ogre
  8173 | D:9      | Reached XP level 10. HP: 31/51 MP: 15/15
  8209 | D:9      | Found Neokamuset's Book Shop.
  8545 | D:9      | Lost mutation: You have a pair of small antennae on your
                  | head. [Jiyva's grace]
  8545 | D:9      | Lost mutation: You are completely covered in iridescent
                  | scales. (AC +6) [Jiyva's grace]
  8545 | D:9      | Lost mutation: You have great hidden genetic potential.
                  | [Jiyva's grace]
  8545 | D:9      | Gained mutation: You possess an exceptional clarity of
                  | mind. [Jiyva's grace]
  8545 | D:9      | Gained mutation: Your flesh is cold resistant. (rC+)
                  | [Jiyva's grace]
  8545 | D:9      | Gained mutation: Your flesh is very cold resistant. (rC++)
                  | [Jiyva's grace]
  8545 | D:9      | Gained mutation: Your flesh is almost immune to the effects
                  | of cold. (rC+++) [Jiyva's grace]
  8800 | D:10     | Entered Level 10 of the Dungeon
  8811 | D:10     | Reached skill level 10 in Stealth
  8895 | D:10     | Found a staircase to the Lair.
  8950 | D:10     | Gained mutation: You have sharp toenails. [hidden
                  | potential]
  8950 | D:10     | Lost mutation: You have hidden genetic potential. [hidden
                  | potential expressed]
  9034 | D:10     | Reached skill level 5 in Spellcasting
  9120 | D:10     | Noticed a two-headed ogre
  9198 | D:10     | Killed a two-headed ogre
  9587 | D:10     | Noticed a two-headed ogre
  9594 | D:10     | Killed a two-headed ogre
  9595 | D:10     | Reached XP level 11. HP: 54/54 MP: 19/19
  9844 | D:10     | Reached skill level 10 in Dodging
 10122 | Lair:1   | Entered Level 1 of the Lair of Beasts
 10361 | D:10     | Reached skill level 1 in Necromancy
 10502 | Lair:1   | Noticed Harold
 10531 | Lair:1   | Killed Harold
 10532 | Lair:1   | Reached skill level 5 in Fighting
 10830 | Lair:1   | Noticed Grum
 10921 | Lair:1   | Reached skill level 10 in Short Blades
 10925 | Lair:1   | Killed Grum
 11406 | Lair:2   | Lost mutation: You are mostly covered in iridescent scales.
                  | (AC +4) [Jiyva's grace]
 11406 | Lair:2   | Lost mutation: Your flesh is almost immune to the effects
                  | of cold. (rC+++) [Jiyva's grace]
 11406 | Lair:2   | Lost mutation: Your gelatinous body deflects attacks. (AC
                  | +3, EV +3) [Jiyva's grace]
 11406 | Lair:2   | Gained mutation: Armour fits poorly on your pseudopods.
                  | [Jiyva's grace]
 11406 | Lair:2   | Gained mutation: Armour fits poorly on your large
                  | pseudopods. [Jiyva's grace]
 11406 | Lair:2   | Gained mutation: Armour fits poorly on your massive
                  | pseudopods. [Jiyva's grace]
 11406 | Lair:2   | Gained mutation: You are mostly covered in iridescent
                  | scales. (AC +4) [Jiyva's grace]
 11497 | Lair:2   | Reached XP level 12. HP: 61/61 MP: 18/20
 11767 | Lair:2   | Noticed an eight-headed hydra
 11829 | Lair:2   | Killed an eight-headed hydra
 11830 | Lair:2   | Reached skill level 11 in Stealth
 11919 | Lair:2   | Reached skill level 12 in Stealth
 11966 | Lair:2   | Found a staircase to the Shoals.
 12106 | Lair:2   | Reached skill level 13 in Stealth
 12237 | Lair:2   | Noticed a four-headed hydra
 12350 | Lair:2   | Killed a four-headed hydra
 12351 | Lair:2   | Reached skill level 14 in Stealth
 12971 | Lair:3   | Lost mutation: You are mostly covered in iridescent scales.
                  | (AC +4) [Jiyva's grace]
 12971 | Lair:3   | Lost mutation: Your flesh is very cold resistant. (rC++)
                  | [Jiyva's grace]
 12971 | Lair:3   | Lost mutation: You are strong-willed. (Will+) [Jiyva's
                  | grace]
 12971 | Lair:3   | Lost mutation: Your pliable body absorbs attacks. (AC +2,
                  | EV +2) [Jiyva's grace]
 12971 | Lair:3   | Lost mutation: Your rubbery body absorbs attacks. (AC +1,
                  | EV +1) [Jiyva's grace]
 12971 | Lair:3   | Gained mutation: You are partially covered in large bone
                  | plates. (SH +4) [Jiyva's grace]
 12971 | Lair:3   | Gained mutation: You are mostly covered in large bone
                  | plates. (SH +6) [Jiyva's grace]
 12971 | Lair:3   | Gained mutation: You are completely covered in large bone
                  | plates. (SH +8) [Jiyva's grace]
 12971 | Lair:3   | Gained mutation: You are somewhat resistant to further
                  | mutation. [Jiyva's grace]
 13043 | Lair:3   | Noticed an eight-headed hydra
 13075 | Lair:3   | Killed an eight-headed hydra
 13162 | Lair:3   | Reached skill level 10 in Translocations
 13326 | Lair:3   | Noticed an eight-headed hydra
 13366 | Lair:3   | Killed an eight-headed hydra
 13378 | Lair:3   | Learned a level 5 spell: Manifold Assault
 13565 | Lair:3   | Noticed a death yak
 13565 | Lair:3   | Noticed a death yak
 13566 | Lair:3   | Noticed a death yak
 13566 | Lair:3   | Noticed a death yak
 13566 | Lair:3   | Noticed a death yak
 13567 | Lair:3   | Noticed a death yak
 13588 | Lair:3   | Killed a death yak
 13637 | Lair:3   | Killed a death yak
 13642 | Lair:3   | Killed a death yak
 13647 | Lair:3   | Killed a death yak
 13648 | Lair:3   | Reached XP level 13. HP: 59/65 MP: 26/26
 13976 | Lair:3   | Reached skill level 15 in Stealth
 13997 | Lair:3   | Found a hole to the Spider Nest.
 14256 | Lair:4   | Reached skill level 1 in Armour
 15266 | Lair:4   | Lost mutation: You are partially covered in iridescent
                  | scales. (AC +2) [Jiyva's grace]
 15266 | Lair:4   | Lost mutation: You are somewhat resistant to further
                  | mutation. [Jiyva's grace]
 15266 | Lair:4   | Lost mutation: Armour fits poorly on your massive
                  | pseudopods. [Jiyva's grace]
 15266 | Lair:4   | Lost mutation: Armour fits poorly on your large pseudopods.
                  | [Jiyva's grace]
 15266 | Lair:4   | Gained mutation: A frigid envelope surrounds you and
                  | freezes all who hurt you. [Jiyva's grace]
 15266 | Lair:4   | Gained mutation: Your mind is acute. (Int +4, Str/Dex -1)
                  | [Jiyva's grace]
 15266 | Lair:4   | Gained mutation: Your mind is very acute. (Int +8, Str/Dex
                  | -2) [Jiyva's grace]
 15266 | Lair:4   | Gained mutation: Your melee attacks may engulf your foes in
                  | ooze. [Jiyva's grace]
 15276 | Lair:4   | Reached skill level 16 in Stealth
 15297 | Lair:4   | Found a viscous altar of Jiyva.
 15298 | Lair:4   | Found a staircase to the Slime Pits.
 15563 | Slime:1  | Entered Level 1 of the Pits of Slime
 15573 | Slime:1  | Noticed a quicksilver ooze
 15592 | Slime:1  | Noticed a quicksilver ooze
 15729 | Slime:2  | Noticed an acid blob
 15802 | Slime:2  | Noticed a quicksilver ooze
 15807 | Slime:2  | Noticed a quicksilver ooze
 15922 | Slime:2  | Noticed an azure jelly
 15945 | Slime:2  | Noticed an acid blob
 15956 | Slime:2  | Noticed an acid blob
 15999 | Slime:2  | Noticed a rockslime
 16001 | Slime:2  | Noticed a rockslime
 16080 | Slime:2  | Noticed an acid blob
 16134 | Slime:3  | Noticed an acid blob
 16286 | Slime:3  | Noticed a quicksilver ooze
 16286 | Slime:3  | Noticed a quicksilver ooze
 16310 | Slime:3  | Noticed a rockslime
 16317 | Slime:3  | Noticed an azure jelly
 16324 | Slime:3  | Noticed an acid blob
 16330 | Slime:3  | Noticed a rockslime
 16495 | Slime:1  | Noticed an acid blob
 16564 | Slime:4  | Noticed an acid blob
 16582 | Slime:4  | Noticed a rockslime
 16586 | Slime:4  | Noticed a quicksilver ooze
 16590 | Slime:4  | Noticed an azure jelly
 16775 | Slime:5  | Entered Level 5 of the Pits of Slime
 16788 | Slime:5  | Noticed an azure jelly
 16816 | Slime:5  | Noticed an acid blob
 16817 | Slime:5  | Found a viscous altar of Jiyva.
 16817 | Slime:5  | Noticed an acid blob
 16818 | Slime:5  | Noticed an azure jelly
 16818 | Slime:5  | Noticed a quicksilver ooze
 16819 | Slime:5  | Noticed an acid blob
 16820 | Slime:5  | Noticed the Royal Jelly
 16820 | Slime:5  | Noticed an acid blob
 16823 | Slime:5  | Noticed an azure jelly
 16825 | Slime:5  | Got Asmodeus's Grimoire of Invitation
 16834 | Slime:5  | Got a slimy rune of Zot
 16844 | Slime:5  | Identified the +10 scimitar of the Key {spect, rC+ rN+
                  | Dex+2}
 16847 | Slime:5  | Noticed an azure jelly
 16853 | Slime:5  | Identified the amulet "Gipo Isu" {Spirit Regen+ Stlth+}
 16856 | Slime:5  | Identified the +2 mace "Emmatint" {holy, rF+ Str+4}
 16858 | Slime:5  | Got Ocuawnump's Book of the Red-Hot Mountains
 16868 | Slime:5  | Identified the ring of Exhibitionism {Drain rPois Will-
                  | Str+9 Stlth+}
 16890 | Slime:5  | Identified the +6 ring mail "Legoif" {rN+ Dex+3}
 16921 | Slime:5  | Noticed a rockslime
 17027 | Slime:5  | Noticed a quicksilver ooze
 17178 | Slime:4  | Noticed an azure jelly
 17178 | Slime:4  | Noticed an acid blob
 17234 | Slime:4  | Noticed a quicksilver ooze
 17455 | Lair:5   | Entered Level 5 of the Lair of Beasts
 17553 | Lair:5   | Reached skill level 17 in Stealth
 17556 | Lair:5   | Reached skill level 1 in Earth Magic
 17737 | Lair:5   | Noticed Nessos
 17751 | Lair:5   | Found a large runed translucent door.
 17758 | Lair:5   | Noticed a fire dragon
 17759 | Lair:5   | Found a large runed translucent door.
 18004 | Lair:5   | Reached skill level 5 in Earth Magic
 18017 | Lair:5   | Identified the +2 morningstar "Rofyant" {pain, Str+4
                  | Stlth+}
 18170 | Lair:5   | Reached skill level 5 in Transmutations
 18170 | Lair:5   | Reached XP level 14. HP: 23/70 MP: 28/28
 18656 | Lair:5   | Killed Nessos
 18774 | Lair:5   | Reached skill level 10 in Transmutations
 19535 | Spider:1 | Entered Level 1 of the Spider Nest
 19746 | Spider:1 | Slain by a culicivora

Illustrated notes

Levels and vault maps discovered:
D:1:      co_arrival_two_rings, layout_basic,
          hellmonk_ecumenical_altar_dog_temple, serial_bayou_lake_a
D:2:      layout_basic
D:3:      layout_loops_ring, gammafunk_ghost_smash, serial_shops,
          nicolae_shop_trees
D:4:      layout_basic, minmay_temple_entry_drinking_statues,
          minmay_parallelograms, minmay_quadrilaterals
D:5:      kennysheep_slugbush, layout_basic
D:6:      wad_river_or_something, layout_rooms, corexii_hall_statues_i,
          uniq_blork_the_orc
D:7:      layout_cave_pools, amcnicky_altar_gilded, kennysheep_generic_room_8
D:8:      layout_basic, old_standard_altar, enter_bailey_2, roderic_filled_cross
D:9:      layout_roguey, serial_rivers, chequers_serial_rivers_marsh,
          chequers_serial_rivers_micro_a, chequers_serial_rivers_micro_c,
          chequers_serial_rivers_micro_d, chequers_serial_rivers_marsh,
          serial_shops, nicolae_shop_temple_entry_statues_fountains,
          kennysheep_generic_room_16
D:10:     layout_long_grid, erik_lair_island
D:11:     layout_cave_pools
Temple:   nicolae_temple_bog_church
Lair:1:   layout_regular_city, uniq_grum, uniq_harold
Lair:2:   layout_long_grid, minmay_shoals_entry_centaurs
Lair:3:   layout_layer_cave, spider_nest_entry_funnel_web, serial_bayou_pond_b
Lair:4:   layout_regular_city, slime_entry_1, lemuel_fruit_tree,
          grunt_megastairs_5, serial_bayou_shore_b
Lair:5:   cheibrodos_lair_end_hotspot, layout_long_grid,
          dreamdust_gnoll_shepherd, serial_bayou_shore_a, uniq_nessos
Spider:1: layout_spider_delve
Slime:1:  layout_caves, cheibrodos_slime_lost_civilization_4
Slime:2:  layout_caves, cheibrodos_slime_lost_civilization_7
Slime:3:  layout_caves
Slime:4:  layout_caves
Slime:5

Skill      XL: |  1  2  3  4  5  6  7  8  9 10 11 12 13 14 |
---------------+-------------------------------------------+-----
Short Blades   | 1 2 3 5 8 10 | 10.4
Fighting       | 1 2 4 6 |  6.0
Dodging        | 3 6 9 11 12 13 | 13.0
Transmutations | 3 5 11 | 11.6
Stealth        | 4 6 9 10 14 17 | 17.0
Air Magic      | 3 4 |  4.2
Translocations | 3 6 10 | 10.2
Conjurations   | 1 3 |  3.4
Poison Magic   | 6 |  6.1
Spellcasting   | 5 8 9 |  9.0
Necromancy     | 3 |  3.0
Armour         | 3 |  3.0
Earth Magic    | 5 6 |  6.0

Action                   |  1- 3 |  4- 6 |  7- 9 | 10-12 | 13-15 || total
-------------------------+-------+-------+-------+-------+-------++-------
Melee: Unarmed           |     6 |       |       |       |       ||     6
       Dagger            |    42 |    94 |   255 |   952 |  1021 ||  2364
       Club              |    11 |       |       |       |       ||    11
       Punch             |       |       |     5 |    14 |    18 ||    37
       Kick              |       |       |       |   317 |   478 ||   795
       Pseudopods        |       |       |       |   117 |   280 ||   397
 Cast: Sting             |    57 |    53 |   153 |   163 |    63 ||   489
       Poisonous Vapours |       |       |     1 |       |       ||     1
       Mephitic Cloud    |       |       |     7 |    27 |     6 ||    40
       Manifold Assault  |       |       |       |       |     8 ||     8
       Blink             |       |       |       |       |     2 ||     2
  Use: Scroll            |     5 |     4 |     9 |     6 |     2 ||    26
 Stab: Sleeping          |     5 |     8 |    27 |    13 |     5 ||    58
       Distracted        |       |     3 |       |     2 |     5 ||    10
       Confused          |       |       |     3 |    27 |     5 ||    35
       Petrified         |       |       |       |       |    11 ||    11
       Petrifying        |       |       |       |       |     3 ||     3
Armor: Robe              |     6 |    14 |    43 |   108 |    65 ||   236
Dodge: Dodged            |   105 |    68 |   313 |   892 |   645 ||  2023
Block: Other             |       |       |       |    27 |   252 ||   279
